 Dungeon Crawl Stone Soup version 0.23.2-40-g277498a001 (webtiles) character file.

Game seed: 2834062476622261563

39 Descartes the Insei (level 3, -1/18 HPs)
             Began as a Vine Stalker Transmuter on Oct 1, 2019.
             Slain by an adder (4 damage)
             ... on level 2 of the Dungeon.
             The game lasted 00:03:45 (2193 turns).

Descartes the Insei (Vine Stalker Transmuter)       Turns: 2193, Time: 00:03:45

Health: -1/18      AC:  3    Str: 12    XL:     3   Next: 47%
Magic:  0/7        EV: 12    Int: 14    God:
Gold:   59         SH:  0    Dex: 14    Spells: 4/7 levels left

rFire    . . .     SeeInvis .     - Unarmed
rCold    . . .     Gourm    .   (no shield)
rNeg     . . .     Faith    .   e - +0 leather armour
rPois    .         Spirit   +   (no helmet)
rElec    .         Reflect  .   (no cloak)
rCorr    .         Harm     .   (no gloves)
MR       .....                  (no boots)
Stlth    +.........             (no amulet)
HPRegen  0.06/turn              (no ring)
MPRegen  0.10/turn              (no ring)

@: lethally poisoned (-1 -> -8)
A: fangs 2, magic shield, antimagic bite, no potion heal 3, rot immunity
a: no special abilities


You were on level 2 of the Dungeon.
You were not hungry.

You visited 1 branch of the dungeon, and saw 2 of its levels.

You collected 59 gold pieces.

Inventory:

Missiles
 a - 48 arrows
Armour
 b - a +0 robe
 e - a +0 leather armour (worn)
Jewellery
 j - an uncursed amulet of the gourmand {unknown}
Scrolls
 c - a scroll of enchant weapon {unknown}
 f - a scroll of fear {unknown}
 g - 4 scrolls of identify {unknown}
 h - 2 scrolls of remove curse {unknown}
 i - a scroll of enchant armour {unknown}
Comestibles
 d - 3 rations
 k - 6 chunks of flesh


   Skills:
 + Level 1.2 Fighting
 + Level 1.7 Dodging
 + Level 0.9 Stealth
 * Level 3.4 Unarmed Combat
 * Level 2.6 Spellcasting
 * Level 2.4 Transmutations


You had 4 spell levels left.
You knew the following spells:

 Your Spells              Type           Power        Failure   Level  Hunger
a - Beastly Appendage     Tmut           #.....       11%         1    #......
b - Sticks to Snakes      Tmut           #.......     16%         2    ###....

Your spell library contained the following spells:

 Spells                   Type           Power        Failure   Level  Hunger
 Spider Form              Tmut/Pois      #.........   45%         3    ###....
 Ice Form                 Ice/Tmut       #.......     86%         4    #####..
 Blade Hands              Tmut           #.........   96%         5    ######.


Dungeon Overview and Level Annotations

Branches:
Dungeon (2/15)

Altars:


Innate Abilities, Weirdness & Mutations

You have extremely sharp teeth.
When hurt, damage is shared between your health and your magic reserves.
Your bite disrupts and absorbs the magic of your enemies.
Potions cannot restore your health.
You are immune to rotting.


Message History

The adder poisons you!
You barely miss the adder. Your bite misses the adder.
The adder is heavily wounded.
You feel sick. The adder bites you. The goblin hits you but does no damage.
You hit the adder. Your bite misses the adder.
The adder is almost dead.
The adder bites you.
You are more poisoned.
The adder poisons you!
You miss the adder.
The adder is severely wounded.
You feel sick. The adder bites you. The goblin hits you with a +0 club.
You closely miss the adder. Your bite misses the adder.
The adder is severely wounded.
The adder bites you.
* * * LOW HITPOINT WARNING * * *
The goblin hits you but does no damage.
* * * LOW HITPOINT WARNING * * *
You feel sick. The adder bites you.
You die...

##..##########.#......
#......................
#.#..รท(.............#####
.........#.......##...
...#..............#.... #
.#.##....#.#..##..#####..
......##.................
.#.######................
.. ..........@g....... .
#..........S........
#...................
#...................
#...................
####...............
##..............
##.....##.....# ######
######


You could see an adder and a goblin.

Vanquished Creatures
  3 worms (D:2)
  3 dart slugs (D:2)
  A leopard gecko (D:2)
  2 bats (D:1)
  A giant cockroach (D:2)
  A goblin (D:1)
  A hobgoblin (D:1)
  2 jackals (D:1)
  3 frilled lizards (D:1)
  6 kobolds
  4 rats
27 creatures vanquished.

Notes
Turn   | Place    | Note
-------+----------+-------------------------------------------
     0 | D:1      | Descartes the Vine Stalker Transmuter began the quest for
                  | the Orb.
     0 | D:1      | Reached XP level 1. HP: 9/9 MP: 4/4
   363 | D:1      | Reached XP level 2. HP: 12/14 MP: 6/6
   700 | D:1      | Reached skill level 1 in Fighting
  1162 | D:1      | Learned a level 2 spell: Sticks to Snakes
  1795 | D:2      | Reached XP level 3. HP: 9/18 MP: 7/7
  2193 | D:2      | Slain by an adder

Skill      XL: |  1  2 |
---------------+-------+-----
Fighting       | 1 |  1.2
Dodging        | |  1.7
Stealth        | |  0.9
Unarmed Combat | |  3.4
Spellcasting   | |  2.6
Transmutations | |  2.4

Action                   || total
-------------------------++-------
Melee: Unarmed           ||   118
       Bite              ||    26
       Punch             ||     2
       Kick              ||     4
       Headbutt          ||     1
 Cast: Beastly Appendage ||     2
 Stab: Sleeping          ||     1
  Eat: Chunk             ||     4
Armor: Robe              ||     3
       Leather armour    ||    27
Dodge: Dodged            ||    65
